 Dungeon Crawl Stone Soup version 0.25-a0-589-g1e14c549ee (webtiles) character file.

Game seed: 12581895763461935937, levelgen mode: deterministic

182 Kohma the Shield-Bearer (level 5, -16/41 HPs)
             Began as a Demonspawn Fighter on Mar 11, 2020.
             Demolished by an ogre
             ... wielding a +0 giant club
              (19 damage)
             ... on level 4 of the Dungeon.
             The game lasted 00:08:37 (3481 turns).

Kohma the Shield-Bearer (Demonspawn Fighter)        Turns: 3481, Time: 00:08:38

Health: -16/41     AC:  5    Str: 16    XL:     5   Next: 35%
Magic:  6/6        EV:  8    Int: 11    God:
Gold:   246        SH: 10    Dex: 12    Spells: 4/6 levels left

rFire    . . .     SeeInvis .   a - +0 long sword
rCold    . . .     Gourm    .   c - +1 kite shield
rNeg     . . .     Faith    .   j - +0 ring mail
rPois    .         Spirit   .   (helmet restricted)
rElec    .         Reflect  .   (no cloak)
rCorr    .         Harm     .   (no gloves)
MR       .....                  (no boots)
Stlth    +.........             (no amulet)
HPRegen  0.13/turn              (no ring)
MPRegen  0.10/turn              (no ring)

@: no status effects
A: horns 1, powered by death 2
a: no special abilities


You were on level 4 of the Dungeon.
You were not hungry.

You visited 1 branch of the dungeon, and saw 4 of its levels.

You collected 246 gold pieces.

Inventory:

Hand Weapons
 a - a +0 long sword (weapon)
Missiles
 i - a throwing net
 u - 6 poisoned darts (quivered)
Armour
 b - a +0 scale mail
 c - a +1 kite shield (worn)
 j - a +0 ring mail (worn)
Scrolls
 e - 2 scrolls of remove curse
 g - 2 scrolls of amnesia
Potions
 h - 2 potions of flight
 k - 2 potions of brilliance
 m - a potion of haste {unknown}
 n - a potion of degeneration {unknown}
 q - 2 potions of curing {unknown}
 t - 2 potions of stabbing {unknown}
Comestibles
 d - a chunk of flesh
 f - 6 rations


   Skills:
 - Level 3.2 Fighting
 - Level 3.1 Long Blades
 - Level 3.5 Armour
 * Level 3.6 Shields
 - Level 1.0 Spellcasting
 + Level 0.9 Translocations


You had 4 spell levels left.
You knew the following spells:

 Your Spells              Type           Power        Failure   Level  Hunger
a - Blink                 Tloc           N/A          95%         2    ###....

Your spell library contained the following spells:

 Spells                   Type           Power        Failure   Level  Hunger
 Magic Dart               Conj           #...         95%         1    ##.....
 Call Imp                 Summ           #.......     98%         2    ###....
 Slow                     Hex            #.......     98%         2    ###....
 Conjure Flame            Conj/Fire      #.......     100%        3    ####...
 Mephitic Cloud           Conj/Pois/Air  #.......     100%        3    ####...


Dungeon Overview and Level Annotations

Branches:
Dungeon (4/15)
 Temple: D:4-7

Altars:
Cheibriados
Fedhas
Nemelex Xobeh
Okawaru
Ru
Uskayaw
Wu Jian
Xom


Innate Abilities, Weirdness & Mutations

You have a pair of small horns on your head.
You regenerate health from kills.


Message History

You closely miss the ogre. Your headbutt misses the ogre.
The ogre is severely wounded.
The leopard gecko bites you but does no damage.
The ogre hits you with a +0 giant club! You block the leopard gecko's attack.
You hit the ogre.
The ogre is severely wounded.
You block the ogre's attack. You block the leopard gecko's attack.
You hit the ogre.
The ogre is almost dead.
The leopard gecko barely misses you.
The ogre hits you with a +0 giant club!!
Ouch! That really hurt!
* * * LOW HITPOINT WARNING * * *
You block the leopard gecko's attack.
Okay, then.
You hit the ogre.
The ogre is almost dead.
You block the leopard gecko's attack.
The ogre hits you with a +0 giant club!!
You die...

..#.#.#
##...#
....)##
#...##
..#.##
#....#
.##.#
##...#
....##
#...#
.....#
#.....#...#
..##.#
#..$..#...#
#(# .#
#.(.:.#...#
#.# .#
#..)..#@..#
#.# .#
#.....#lO.#
#.##.#
#.[...#...#
.....#
#.O.##...#
#รท...#
#...#....#
##...#
#...#...##
.#.#
##......#
.#.#
#......# ..
. ####...#


You could see an ogre and a leopard gecko.

Vanquished Creatures
  A hound (D:4)
  An orc wizard (D:4)
  4 adders
  An ooze (D:2)
  An adder skeleton (D:4)
  A worm (D:2)
  2 leopard geckos
  3 orcs (D:4)
  4 giant cockroaches
  11 goblins
  9 hobgoblins
  5 jackals (D:2)
  A quokka (D:3)
  A ball python (D:2)
  5 bats
  6 frilled lizards
  7 kobolds
  6 rats
69 creatures vanquished.

Vanquished Creatures (others)
  A quokka (D:4)
1 creature vanquished.

Grand Total: 70 creatures vanquished

Notes
Turn   | Place    | Note
-------+----------+-------------------------------------------
     0 | D:1      | Kohma the Demonspawn Fighter began the quest for the Orb.
     0 | D:1      | Reached XP level 1. HP: 18/18 MP: 1/1
   299 | D:1      | Gained mutation: You regenerate a little health from kills.
                  | [demonic ancestry]
   299 | D:1      | Reached XP level 2. HP: 23/24 MP: 2/2
  1226 | D:2      | Gained mutation: You regenerate health from kills. [demonic
                  | ancestry]
  1226 | D:2      | Reached XP level 3. HP: 18/29 MP: 3/3
  1450 | D:2      | Found a sparkling altar of Nemelex Xobeh.
  1450 | D:2      | Found a shimmering altar of Xom.
  1450 | D:2      | Found a sacrificial altar of Ru.
  1528 | D:2      | Learned a level 2 spell: Blink
  1595 | D:2      | Found a snail-covered altar of Cheibriados.
  1661 | D:2      | Found an iron altar of Okawaru.
  1668 | D:2      | Found a hide-covered altar of Uskayaw.
  1674 | D:2      | Found an ornate altar of the Wu Jian Council.
  2316 | D:3      | Found a blossoming altar of Fedhas.
  2328 | D:3      | Reached XP level 4. HP: 32/35 MP: 4/4
  3024 | D:4      | Gained mutation: You have a pair of small horns on your
                  | head. [demonic ancestry]
  3024 | D:4      | Reached XP level 5. HP: 3/41 MP: 6/6
  3348 | D:4      | Reached skill level 1 in Spellcasting
  3463 | D:4      | Noticed an ogre
  3481 | D:4      | Demolished by an ogre

Levels and vault maps discovered:
D:1:      dpeg_arrival_line_fractal, layout_loops_corners
D:2:      layout_basic, minitemple, lemuel_crystal_altar,
          gammafunk_temple_overflow_claw, first_ration
D:3:      layout_rooms, grunt_decor_arrowhead, fedhas_altar_2
D:4:      kennysheep_spiral_hall, layout_loops_ring, elyvilon_altar_4,
          okawaru_ov_weapons_minmay

Skill      XL: |  1  2  3  4  5 |
---------------+----------------+-----
Long Blades    | 2 3 |  3.1
Shields        | 3 |  3.6
Armour         | 3 |  3.5
Spellcasting   | 1 |  1.0
Fighting       | |  3.2
Translocations | |  0.9

Action                   |  1- 3 |  4- 6 || total
-------------------------+-------+-------++-------
Melee: Long sword        |   187 |   125 ||   312
       Headbutt          |       |     3 ||     3
  Use: Scroll            |       |    10 ||    10
       Potion            |       |     1 ||     1
  Eat: Chunk             |     5 |     4 ||     9
Armor: Scale mail        |    76 |    72 ||   148
       Ring mail         |       |     4 ||     4
Dodge: Dodged            |    58 |    33 ||    91
Block: Kite shield       |   121 |    84 ||   205
       Rpst.: Long sword |    16 |     6 ||    22

Table legend:
 A = Non-vault XP
 B = Vault XP
 C = Vault XP percentage of total XP
 D = Non-vault monster count
 E = Vault monster count
 F = Vault count percentage of total count
                 A         B        C        D         E       F
            +---------+---------+-------+---------+---------+-------
      Total |     216 |      45 |  17.2 |      68 |       1 |   1.4
            +---------+---------+-------+---------+---------+-------
        D:1 |      38 |       0 |   0.0 |      22 |       0 |   0.0
        D:2 |      56 |       0 |   0.0 |      23 |       0 |   0.0
        D:3 |      49 |       0 |   0.0 |      15 |       0 |   0.0
        D:4 |      73 |      45 |  38.1 |       8 |       1 |  11.1
            +---------+---------+-------+---------+---------+-------
